 Dungeon Crawl Stone Soup version 0.31-a0-1010-g5322dac6a2 (webtiles) character file.

Game seed: 15924216617715721752

335 kae the Shield-Bearer (level 6, -4/49 HPs)
             Began as a Formicid Fighter on Nov 16, 2023.
             Killed from afar by a white imp (7 damage)
             ... with a puff of frost
             ... on level 7 of the Dungeon.
             The game lasted 00:01:55 (2973 turns).

kae the Shield-Bearer (Formicid Fighter)            Turns: 2973, Time: 00:01:56

Health: -4/49      AC:  6    Str: 22    XL:     6   Next: 84%
Magic:  6/6        EV:  9    Int:  8    God:
Gold:   114        SH:  5    Dex: 13    Spells: 5/5 levels left

rFire   . . .        a - +0 flail
rCold   . . .        c - +0 buckler
rNeg    . . .        b - +0 scale mail
rPois   .            (helmet unavailable)
rElec   .            (no cloak)
rCorr   .            (no gloves)
SInv    +            (no boots)
Will    .....        (no amulet) Stlth
                     (no ring)
HPRegen 0.28/turn    (no ring)
MPRegen 0.10/turn

%: no passive effects
@: mighty
A: permanent stasis, dig shafts and tunnels, antennae 3, four strong arms
a: Dig, Shaft Self


You were on level 7 of the Dungeon.
You visited 1 branch of the dungeon, and saw 5 of its levels.

You collected 114 gold pieces.


Innate Abilities, Weirdness & Mutations

You cannot be hasted, slowed, berserked, paralysed or teleported.
You can dig through walls and to a lower floor.
You have a pair of large antennae on your head. (SInv)
Your four strong arms can wield two-handed weapons with a shield.


   Skills:
 + Level 4.7 Fighting
 * Level 5.0 Maces & Flails
 - Level 3.2 Armour
 + Level 5.7 Shields


You had 5 spell levels left.
You didn't know any spells.
Your spell library was empty.

Inventory:

Hand Weapons
 a - a +0 flail (weapon)
Missiles
 f - 6 poisoned darts
 i - 7 stones
 n - 2 boomerangs
Armour
 b - a +0 scale mail (worn)
 c - a +0 buckler (worn)
Scrolls
 g - a scroll of identify {@r1}
 h - a scroll of vulnerability {!r!r}
Potions
 e - 2 potions of heal wounds {@q2}
 k - a potion of haste {@q3}
 l - a potion of curing {@q1}

Dungeon Overview and Level Annotations

Branches:
Dungeon (4/15) Zot: 26958
 Temple: D:4-7

Altars:
Uskayaw

Shops:
D:2 :

Annotations:
D:3 1 runed translucent door, Crazy Yiuf
D:4 Dowan, Duvessa

..... #.... #.#
..... #.# . ....
#.# .. #..# ##.#
..# #...## #..##
..#
##....###...##..#
#......#.....5.#
#..###......@...#
##....#....#
########...#
#..... #####


You could see a white imp.


Message History

No target in view!
A kobold comes into view. It is wielding a +0 dagger.
The kobold shouts!
You see here a scroll of vulnerability {!r!r}.
There are monsters nearby!
You sock the kobold!
You kill the kobold!
You barely miss the kobold. The kobold closely misses you. x2
A kobold is nearby!
You hit the kobold.
You kill the kobold!
No target in view!
f - 6 poisoned darts (gained 2)
Things that are here:
a +0 dagger; a kobold corpse
h - a scroll of vulnerability {!r!r} No target in view!
No target in view!
No target in view!
No target in view!
You sense a monster nearby.
No target in view!
No target in view!
A quokka comes into view.
You completely miss the quokka. You block the quokka's attack.
The quokka barely misses you.
A quokka is nearby!
A quokka is nearby!
You sock the quokka!
You kill the quokka!
No target in view!
You now have 96 gold pieces (gained 9).
You sense a monster nearby.
No target in view!
No target in view!
A hobgoblin comes into view.
The hobgoblin shouts!
A hobgoblin is nearby!
You hit the hobgoblin.
You kill the hobgoblin!
No target in view!
Duvessa and a hobgoblin come into view.
Duvessa shouts!
The hobgoblin shouts!
Dowan, Brother of Duvessa comes into view.
He is wielding a +0 dagger and carrying a wand of polymorph.
There are monsters nearby!
Dowan shouts!
You aren't carrying any items that you can evoke.
Okay, then.
Okay, then.
You begin to dig a shaft.
You continue digging a shaft.
A shaft appears beneath you!
You fall into a shaft and drop 3 floors!
The shaft crumbles and collapses.
You hear the hiss of flowing sand.
There is an entrance to an ossuary on this level.
Hurry and find it before the portal is buried!
Okay, then.
Okay, then.
You now have 114 gold pieces (gained 18).
Menkaure, Prince of Dust comes into view.
Menkaure shouts!
Menkaure gestures wildly while chanting.
Menkaure seems to speed up.
Unknown command.
You aren't carrying any items that you can evoke.
Unknown command.
You feel very mighty all of a sudden. Menkaure hits you! 😕 HP[-12]
You take 12 damage, and now have 37/49 hp.
MASSIVE DAMAGE!! (PAUSE)
You closely miss Menkaure. You block Menkaure's attack.
A white imp comes into view.
The white imp shouts, "Escape, thou fulsome earth-vexing socdollager!"
You hit Menkaure. Menkaure hits you!!
* * * LOW HITPOINT WARNING * * *
Unknown command. 😨 HP[-17]
You take 17 damage, and now have 20/49 hp.
MASSIVE DAMAGE!! (PAUSE)
You sock Menkaure! Menkaure hits you but does no damage.
Menkaure calls on the powers of darkness!
Your body is wracked with pain!
* * * LOW HITPOINT WARNING * * *
😱 HP[-9]
You take 9 damage, and now have 11/49 hp.
You closely miss Menkaure.
Menkaure gestures at you while chanting.
You struggle to resist.
Unknown command.
You sock Menkaure!
You destroy Menkaure!
The white imp gestures at you. The puff of frost hits you!
* * * LOW HITPOINT WARNING * * *
Your Maces & Flails skill increases to level 5! 😱 HP[-8]
You take 8 damage, and now have 3/49 hp.
The white imp gestures at you. The puff of frost hits you!
You die...

Skill      XL: |  1  2  3  4  5  6 |
---------------+-------------------+-----
Maces & Flails | 3 4 5 |  5.0
Fighting       | 4 |  4.7
Shields        | 5 |  5.7
Armour         | |  3.2

Action                     |  1- 3 |  4- 6 || total
---------------------------+-------+-------++-------
  Melee: Flail             |   111 |   112 ||   223
Ability: Shaft Self        |       |     1 ||     1
    Use: Scroll            |     2 |     5 ||     7
         Potion            |       |     1 ||     1
 Armour: Scale mail        |    79 |    68 ||   147
  Dodge: Dodged            |    46 |    48 ||    94
  Block: Buckler           |    30 |    25 ||    55

Levels and vault maps discovered:
D:1:      lemuel_arrival_cross, layout_basic, minmay_lizard_king
D:2:      layout_basic, serial_shops, nicolae_shop_back_alley_shop, basic_altar,
          chequers_big_river, small_statue_intersection
D:3:      layout_basic, minmay_misc_feat_x, st_stairs_6,
          corexii_item_surrounded_by_moat, uniq_crazy_yiuf_cottage
D:4:      layout_loops_ring, uniq_ijyb, uniq_duvessa, uniq_pikel
D:7:      layout_layer_cave, kennysheep_little_box, serial_shops,
          nicolae_shop_behind_doors, enter_ossuary_3, kb_lookout_dungeons_type,
          uniq_menkaure, uniq_maggie

Notes
Turn   | Place    | Note
-------+----------+-------------------------------------------
     0 | D:1      | kae the Formicid Fighter began the quest for the Orb.
     0 | D:1      | Reached XP level 1. HP: 18/18 MP: 1/1
     0 | D:1      | magus.rc [v1.11.3]
   251 | D:1      | Reached XP level 2. HP: 13/24 MP: 2/2
   393 | D:1      | Reached XP level 3. HP: 27/29 MP: 3/3
   810 | D:2      | Reached skill level 3 in Maces & Flails
   881 | D:2      | Found a hide-covered altar of Uskayaw.
   961 | D:2      | Found Umeq's Book Emporium.
  1274 | D:2      | Reached XP level 4. HP: 30/37 MP: 4/4
  2301 | D:3      | Reached XP level 5. HP: 42/42 MP: 5/5
  2360 | D:3      | Reached skill level 4 in Fighting
  2434 | D:3      | Reached skill level 4 in Maces & Flails
  2434 | D:3      | Reached skill level 5 in Shields
  2437 | D:3      | HP: 10/42 [orc/+0 flail (2)]
  2735 | D:3      | Found a runed translucent door.
  2736 | D:3      | Noticed Crazy Yiuf
  2871 | D:4      | Reached XP level 6. HP: 49/49 MP: 6/6
  2952 | D:4      | Noticed Duvessa
  2952 | D:4      | Noticed Dowan
  2959 | D:4      | You fall into a shaft and drop 3 floors!
  2963 | D:7      | Noticed Menkaure
  2970 | D:7      | HP: 11/49 [??? (9)]
  2972 | D:7      | Killed Menkaure
  2972 | D:7      | HP: 3/49 [white imp/puff of frost (9)]
  2973 | D:7      | Reached skill level 5 in Maces & Flails
  2973 | D:7      | Killed from afar by a white imp

Vanquished Creatures
  Menkaure (D:7)
  A hound (D:4)
  An orc priest (D:3)
  An iguana (D:4)
  4 adders
  4 worms
  3 dart slugs
  8 orcs (D:3)
  7 ball pythons
  A bat (D:1)
  3 endoplasms
  2 giant cockroaches
  6 hobgoblins
  3 quokkas
  16 frilled lizards
  3 goblins
  9 kobolds
  3 rats
76 creatures vanquished.

Table legend:
 A = Non-vault XP
 B = Vault XP
 C = Vault XP percentage of total XP
 D = Non-vault monster count
 E = Vault monster count
 F = Vault count percentage of total count
                 A         B        C        D         E       F
            +---------+---------+-------+---------+---------+-------
      Total |     295 |     184 |  38.4 |      63 |      13 |  17.1
            +---------+---------+-------+---------+---------+-------
        D:1 |      20 |      11 |  35.5 |      13 |      11 |  45.8
        D:2 |      54 |       0 |   0.0 |      15 |       0 |   0.0
        D:3 |     135 |       1 |   0.7 |      28 |       1 |   3.4
        D:4 |      86 |       0 |   0.0 |       7 |       0 |   0.0
        D:7 |       0 |     172 | 100.0 |       0 |       1 | 100.0
            +---------+---------+-------+---------+---------+-------

Skill      XL: |  1  2  3  4  5  6 |
---------------+-------------------+-----
Maces & Flails | 3 4 5 |  5.0
Fighting       | 4 |  4.7
Shields        | 5 |  5.7
Armour         | |  3.2

Action                     |  1- 3 |  4- 6 || total
---------------------------+-------+-------++-------
  Melee: Flail             |   111 |   112 ||   223
Ability: Shaft Self        |       |     1 ||     1
    Use: Scroll            |     2 |     5 ||     7
         Potion            |       |     1 ||     1
 Armour: Scale mail        |    79 |    68 ||   147
  Dodge: Dodged            |    46 |    48 ||    94
  Block: Buckler           |    30 |    25 ||    55

Illustrated notes

Table legend:
 A = Kills in this place as a percentage of kills in the entire game.
 B = Kills by you in this place as a percentage of kills by you in the entire game.
 C = Kills by friends in this place as a percentage of kills by friends in the entire game.
 D = Other kills in this place as a percentage of other kills in the entire game.
 E = Experience gained in this place as a percentage of experience gained in the entire game.
 F = Experience gained in this place divided by the number of levels of this place that you have seen.
                   A       B       C       D       E      F
               +-------+-------+-------+-------+-------+----------------------
         Total | 100.0 | 100.0 |   N/A |   N/A | 100.0 |  95.8
       Dungeon | 100.0 | 100.0 |   N/A |   N/A | 100.0 |  95.8
               +-------+-------+-------+-------+-------+----------------------

Table legend: (Time is in decaauts)
 A = Elapsed time spent in this place.
 B = Non-inter-level travel time spent in this place.
 C = Inter-level travel time spent in this place.
 D = Time resting spent in this place.
 E = Time spent auto-exploring this place.
 F = Levels seen in this place.
 G = Mean time per level.
                   A        B        C        D        E       F      G
               +--------+--------+--------+--------+--------+-----+--------+
         Total |   3040 |   2959 |     81 |     52 |   2348 |   5 |  608.0 |
       Dungeon |   3040 |   2959 |     81 |     52 |   2348 |   5 |  608.0 |
               +--------+--------+--------+--------+--------+-----+--------+

Top non-repeatable levels by time:
     D:3: 1130 daAuts
     D:2: 955 daAuts
     D:1: 757 daAuts
     D:4: 181 daAuts
     D:7: 14 daAuts
